SL
RICHARDSON CITY THUNDERCATS @ CHICAGO GOLD SOX
07/29/2032
 
TOP OF THE 1ST
Richardson City Thundercats batting - Pitching for Chicago Gold Sox : RHP Eddie Kop
Pitching: RHP Eddie Kop
Batting: RHB Alfredo Pizarro 0-0: Fly out, F7 (Flyball, 7LM)
Batting: LHB Juan Macíel 0-0: Called Strike
0-1: Foul Ball, location: 2F
0-2: Ball
1-2: Foul Ball, location: 2F
1-2: SINGLE (Line Drive, 34D)
Batting: RHB Tomás Martínez 0-0: Foul Ball, location: 2F
0-1: Ball
1-1: Swinging Strike
1-2: Strikes out swinging
Batting: LHB Jorge Vargas 0-0: Ball
1-0: Fly out, F8 (Flyball, 8RXD)
Top of the 1st over - 0 runs, 1 hit, 0 errors, 1 left on base; Richardson City 0 - Chicago 0
BOTTOM OF THE 1ST
Chicago Gold Sox batting - Pitching for Richardson City Thundercats : RHP Juan Valéncia
Pitching: RHP Juan Valéncia
Batting: LHB Noel Ballard 0-0: Ball
1-0: Called Strike
1-1: Swinging Strike
1-2: Strikes out looking
Batting: RHB Ramón Rodríguez 0-0: Ball
1-0: Foul Ball, location: 2F
1-1: Foul Ball, location: 2F
1-2: Ball
2-2: Foul Ball, location: 2F
2-2: Foul Ball, location: 2F
2-2: Ball
3-2: Foul Ball, location: 2F
3-2: Fly out, F8 (Flyball, 78D)
Batting: RHB Jay Hood 0-0: Called Strike
0-1: Ball
1-1: SINGLE (Line Drive, 89S)
Batting: RHB Jeb Sexton 0-0: Ball
1-0: Called Strike
Jay Hood steals 2nd base
1-1: Ball
2-1: Ball
3-1: Base on Balls
Batting: SHB Lupo Cotto 0-0: Fly out, F9 (Flyball, 89M)
Bottom of the 1st over - 0 runs, 1 hit, 0 errors, 2 left on base; Richardson City 0 - Chicago 0
TOP OF THE 2ND
Richardson City Thundercats batting - Pitching for Chicago Gold Sox : RHP Eddie Kop
Batting: SHB Mitch Qualtrough 0-0: DOUBLE (Line Drive, 78D)
Batting: LHB Eduardo Álvarez 0-0: Ball
1-0: Foul Ball, location: 2F
1-1: Foul Ball, location: 2F
1-2: Strikes out swinging
Batting: LHB Ashley Thachi 0-0: Ball
Mitch Qualtrough steals 3rd base
1-0: Ball
2-0: Squeeze Bunt - play at first, runner scores, batter OUT! 5-3
Mitch Qualtrough scores
Batting: LHB Jorge Flores 0-0: Foul Ball, location: 2F
0-1: Foul Ball, location: 2F
0-2: Ball
1-2: Foul Ball, location: 2F
1-2: Foul Ball, location: 2F
1-2: SOLO HOME RUN (Line Drive, 7LD), Distance : 371 ft
Batting: RHB Felipe Campos 0-0: Ball
1-0: SINGLE (Line Drive, 7S)
Batting: RHB Alfredo Pizarro 0-0: Called Strike
0-1: Swinging Strike
0-2: Strikes out swinging
Top of the 2nd over - 2 runs, 3 hits, 0 errors, 1 left on base; Richardson City 2 - Chicago 0
BOTTOM OF THE 2ND
Chicago Gold Sox batting - Pitching for Richardson City Thundercats : RHP Juan Valéncia
Batting: LHB Sergio Rodríguez 0-0: Swinging Strike
0-1: Ball
1-1: Ball
2-1: Swinging Strike
2-2: Strikes out looking
Batting: LHB Shigenobu Ohayashi 0-0: Called Strike
0-1: Ball
1-1: Called Strike
1-2: Ball
2-2: Foul Ball, location: 2F
2-2: Ball
3-2: TRIPLE (Groundball, 3L)
Batting: RHB Manuel Guillama 0-0: Foul Ball, location: 2F
0-1: Ball
1-1: Ball
2-1: Ball
3-1: Called Strike
3-2: Fly out, F8 (Flyball, 78D)
Runner from 3rd tags up, SCORES, throw made
Batting: RHB Norman Winston 0-0: Ball
1-0: DOUBLE (Line Drive, 8LXD)
Batting: LHB Noel Ballard 0-0: Foul Ball, location: 2F
0-1: Swinging Strike
0-2: Ground out 4-3 (Groundball, 4D)
Bottom of the 2nd over - 1 run, 2 hits, 0 errors, 1 left on base; Richardson City 2 - Chicago 1
TOP OF THE 3RD
Richardson City Thundercats batting - Pitching for Chicago Gold Sox : RHP Eddie Kop
Batting: LHB Juan Macíel 0-0: Ball
1-0: Swinging Strike
1-1: Ball
2-1: Foul Ball, location: 2F
2-2: Ground out U3 (Groundball, 34S)
Batting: RHB Tomás Martínez 0-0: Called Strike
0-1: Ball
1-1: Ground out 5-3 (Groundball, 5)
Batting: LHB Jorge Vargas 0-0: Foul Ball, location: 2F
0-1: Ball
1-1: Ball
2-1: Called Strike
2-2: Foul Ball, location: 2F
2-2: Ball
3-2: SINGLE (Flyball, 8RS)
Batting: SHB Mitch Qualtrough 0-0: Foul Ball, location: 2F
0-1: Called Strike
0-2: Foul Ball, location: 2F
0-2: Ball
1-2: Ball
2-2: Foul Ball, location: 2F
2-2: Ball
3-2: Foul Ball, location: 2F
3-2: Ground out U3 (Groundball, 3L)
Top of the 3rd over - 0 runs, 1 hit, 0 errors, 1 left on base; Richardson City 2 - Chicago 1
BOTTOM OF THE 3RD
Chicago Gold Sox batting - Pitching for Richardson City Thundercats : RHP Juan Valéncia
Batting: RHB Ramón Rodríguez 0-0: Foul Ball, location: 2F
0-1: Ball
1-1: Foul Ball, location: 2F
1-2: Fly out, F9 (Flyball, 9S)
Batting: RHB Jay Hood 0-0: Ball
1-0: Ball
2-0: Fly out, F7 (Flyball, 7)
Batting: RHB Jeb Sexton 0-0: Called Strike
0-1: Swinging Strike
0-2: Foul Ball, location: 2F
0-2: Strikes out swinging
Bottom of the 3rd over - 0 runs, 0 hits, 0 errors, 0 left on base; Richardson City 2 - Chicago 1
TOP OF THE 4TH
Richardson City Thundercats batting - Pitching for Chicago Gold Sox : RHP Eddie Kop
Batting: LHB Eduardo Álvarez 0-0: Called Strike
0-1: Ball
1-1: Ground out 5-3 (Groundball, 56S)
Batting: LHB Ashley Thachi 0-0: Called Strike
0-1: Ball
1-1: Foul Ball, location: 2F
1-2: Ball
2-2: Fly out, F9 (Line Drive, 9D)
Batting: LHB Jorge Flores 0-0: Ball
1-0: Called Strike
1-1: Foul Ball, location: 2F
1-2: Foul Ball, location: 2F
1-2: Strikes out swinging
Top of the 4th over - 0 runs, 0 hits, 0 errors, 0 left on base; Richardson City 2 - Chicago 1
BOTTOM OF THE 4TH
Chicago Gold Sox batting - Pitching for Richardson City Thundercats : RHP Juan Valéncia
Batting: SHB Lupo Cotto 0-0: Called Strike
0-1: SINGLE (Line Drive, 9LS)
Batting: LHB Sergio Rodríguez 0-0: Ball
1-0: Called Strike
1-1: Ball
2-1: Swinging Strike
2-2: Foul Ball, location: 2F
2-2: Foul Ball, location: 2F
2-2: Fly out, F8 (Flyball, 89D)
Batting: LHB Shigenobu Ohayashi 0-0: Called Strike
Lupo Cotto steals 2nd base
0-1: Ball
Lupo Cotto steals 3rd base
1-1: Bunted foul
1-2: SINGLE (Line Drive, 4M)
Lupo Cotto scores
Batting: RHB Manuel Guillama 0-0: Ball
Shigenobu Ohayashi is caught stealing 2nd base
1-0: Called Strike
1-1: Foul Ball, location: 2F
1-2: Foul Ball, location: 2F
1-2: Ball
2-2: Fly out, F9 (Flyball, 9S)
Bottom of the 4th over - 1 run, 2 hits, 0 errors, 0 left on base; Richardson City 2 - Chicago 2
TOP OF THE 5TH
Richardson City Thundercats batting - Pitching for Chicago Gold Sox : RHP Eddie Kop
Batting: RHB Felipe Campos 0-0: Ball
1-0: Ball
2-0: Called Strike
2-1: Ground out 6-3 (Groundball, 6M)
Batting: RHB Alfredo Pizarro 0-0: Called Strike
0-1: SINGLE (Flyball, 8RS) - OUT at second base trying to stretch hit.
Batting: LHB Juan Macíel 0-0: Called Strike
0-1: Ground out U3 (Groundball, 3)
Top of the 5th over - 0 runs, 1 hit, 0 errors, 0 left on base; Richardson City 2 - Chicago 2
BOTTOM OF THE 5TH
Chicago Gold Sox batting - Pitching for Richardson City Thundercats : RHP Juan Valéncia
Batting: RHB Norman Winston 0-0: Ball
1-0: Ball
2-0: Ball
3-0: Called Strike
3-1: Swinging Strike
3-2: Strikes out swinging
Batting: LHB Noel Ballard 0-0: Called Strike
0-1: Foul Ball, location: 2F
0-2: Ball
1-2: Ball
2-2: Ball
3-2: Foul Ball, location: 2F
3-2: SINGLE (Groundball, 34D)
Batting: RHB Ramón Rodríguez 0-0: Ball
1-0: Called Strike
1-1: Ball
2-1: Fly out, F4 (Line Drive, 4)
Batting: RHB Jay Hood 0-0: Called Strike
Noel Ballard steals 2nd base
0-1: Ball
1-1: Foul Ball, location: 2F
1-2: Ball
2-2: Ball
3-2: Fly out, F6 (Line Drive, 6)
Bottom of the 5th over - 0 runs, 1 hit, 0 errors, 1 left on base; Richardson City 2 - Chicago 2
TOP OF THE 6TH
Richardson City Thundercats batting - Pitching for Chicago Gold Sox : RHP Eddie Kop
Batting: RHB Tomás Martínez 0-0: Called Strike
0-1: Foul Ball, location: 2F
0-2: Strikes out looking
Batting: LHB Jorge Vargas 0-0: Foul Ball, location: 2F
0-1: Ball
1-1: Ground out 6-3 (Groundball, 6)
Batting: SHB Mitch Qualtrough 0-0: Called Strike
0-1: Ball
1-1: SINGLE (Groundball, 6) (infield hit)
Batting: LHB Eduardo Álvarez 0-0: Called Strike
0-1: Ball
1-1: Ball
2-1: Ground out 4-3 (Groundball, 34)
Top of the 6th over - 0 runs, 1 hit, 0 errors, 1 left on base; Richardson City 2 - Chicago 2
BOTTOM OF THE 6TH
Chicago Gold Sox batting - Pitching for Richardson City Thundercats : RHP Juan Valéncia
Batting: RHB Jeb Sexton 0-0: Ball
1-0: Fly out, F7 (Line Drive, 7D)
Batting: SHB Lupo Cotto 0-0: SINGLE (Groundball, 34) (infield hit)
Batting: LHB Sergio Rodríguez 0-0: Swinging Strike
0-1: Foul Ball, location: 2F
0-2: Ball
1-2: Ball
2-2: Ball
3-2: DOUBLE (Flyball, 78D)
Lupo Cotto to third
Lupo Cotto scores
Batting: LHB Shigenobu Ohayashi 0-0: Ground out 4-3 (Groundball, 4)
Sergio Rodríguez to third
Pitching: RHP Kelsey MacGillivary
Batting: RHB Manuel Guillama 0-0: Fly out, F5 (Popup, 5F)
Bottom of the 6th over - 1 run, 2 hits, 0 errors, 1 left on base; Richardson City 2 - Chicago 3
TOP OF THE 7TH
Richardson City Thundercats batting - Pitching for Chicago Gold Sox : RHP Eddie Kop
Batting: LHB Ashley Thachi 0-0: Ball
1-0: Hit by Pitch
Pitching: RHP Gordon Neugebauer
Batting: LHB Jorge Flores 0-0: Sac Bunt - play at first, batter OUT! 2-3
Ashley Thachi to second
Batting: RHB Felipe Campos 0-0: Called Strike
0-1: Fly out, F8 (Line Drive, 8RD)
Batting: RHB Alfredo Pizarro 0-0: Ball
1-0: Ball
2-0: Called Strike
2-1: Foul Ball, location: 2F
2-2: Ground out 6-3 (Groundball, 6)
Top of the 7th over - 0 runs, 0 hits, 0 errors, 1 left on base; Richardson City 2 - Chicago 3
BOTTOM OF THE 7TH
Chicago Gold Sox batting - Pitching for Richardson City Thundercats : RHP Kelsey MacGillivary
Batting: RHB Norman Winston 0-0: Ball
1-0: Ball
2-0: Ball
3-0: Base on Balls
Batting: LHB Noel Ballard 0-0: Ball
1-0: Ball
2-0: Reached on error, E3 (Groundball, 3)
Norman Winston to second
Batting: RHB Ramón Rodríguez 0-0: Ball
Norman Winston steals 3rd base
Noel Ballard to second
1-0: SINGLE (Line Drive, 34D)
Norman Winston scores
Noel Ballard to third
Batting: RHB Jay Hood 0-0: Ball
1-0: Ball
2-0: Called Strike
2-1: Ball
3-1: Base on Balls
Ramón Rodríguez to second
Batting: RHB Jeb Sexton 0-0: Ball
1-0: Grounds into double play, 1-2-3 (Groundball, P)
Ramón Rodríguez to third
Jay Hood to second
Batting: SHB Lupo Cotto 0-0: Ball
1-0: Ball
2-0: Ball
3-0: Base on Balls
Batting: LHB Sergio Rodríguez 0-0: TRIPLE (Groundball, 3L)
Ramón Rodríguez scores
Jay Hood scores
Lupo Cotto scores
Batting: LHB Shigenobu Ohayashi 0-0: Ball
Wild Pitch!
Sergio Rodríguez scores
1-0: Ball
2-0: Fly out, F7 (Flyball, 7LD)
Bottom of the 7th over - 5 runs, 2 hits, 1 error, 0 left on base; Richardson City 2 - Chicago 8
TOP OF THE 8TH
Richardson City Thundercats batting - Pitching for Chicago Gold Sox : RHP Gordon Neugebauer
Batting: LHB Juan Macíel 0-0: Ball
1-0: Foul Ball, location: 2F
1-1: Ball
2-1: Fly out, F9 (Line Drive, 9D)
Batting: RHB Tomás Martínez 0-0: Ball
1-0: Called Strike
1-1: Called Strike
1-2: Foul Ball, location: 2F
1-2: Ball
2-2: Ground out 1-3 (Groundball, 15S)
Batting: LHB Jorge Vargas 0-0: Ball
1-0: Ball
2-0: Called Strike
2-1: Ball
3-1: Base on Balls
Batting: SHB Mitch Qualtrough 0-0: Ball
1-0: Ball
2-0: Called Strike
2-1: SINGLE (Line Drive, 7S)
Jorge Vargas to second
Batting: LHB Eduardo Álvarez 0-0: Ball
1-0: Ball
2-0: Called Strike
2-1: Called Strike
2-2: Ball
3-2: Foul Ball, location: 2F
3-2: Strikes out swinging
Top of the 8th over - 0 runs, 1 hit, 0 errors, 2 left on base; Richardson City 2 - Chicago 8
BOTTOM OF THE 8TH
Chicago Gold Sox batting - Pitching for Richardson City Thundercats : RHP Kelsey MacGillivary
Batting: RHB Manuel Guillama 0-0: Ball
1-0: Ground out 5-3 (Groundball, 56)
Batting: RHB Norman Winston 0-0: Ball
1-0: Fly out, F9 (Flyball, 89M)
Batting: LHB Noel Ballard 0-0: Called Strike
0-1: Called Strike
0-2: Ball
1-2: Ground out 5-3 (Groundball, 5S)
Bottom of the 8th over - 0 runs, 0 hits, 0 errors, 0 left on base; Richardson City 2 - Chicago 8
TOP OF THE 9TH
Richardson City Thundercats batting - Pitching for Chicago Gold Sox : RHP Gordon Neugebauer
Batting: LHB Ashley Thachi 0-0: Called Strike
0-1: Fly out, F8 (Flyball, 8LS)
Batting: LHB Jorge Flores 0-0: Ball
1-0: Called Strike
1-1: Called Strike
1-2: Strikes out swinging
Batting: RHB Felipe Campos 0-0: Ball
1-0: Ball
2-0: Ball
3-0: Called Strike
3-1: Ground out 5-3 (Groundball, 56)
Top of the 9th over - 0 runs, 0 hits, 0 errors, 0 left on base; Richardson City 2 - Chicago 8
Wednesday, September 19th, 2018 - OOTP Baseball 18.8 Build 76